 Dungeon Crawl Stone Soup version 0.28.0-1-gb440e238dd (webtiles) character file.

Game seed: 545360286605352491

21 themarg the Conjurer (level 2, -6/15 HPs)
             Began as a Tengu Conjurer on Feb 22, 2022.
             Mangled by Duvessa (7 damage)
             ... on level 4 of the Dungeon.
             The game lasted 00:02:35 (958 turns).

themarg the Conjurer (Tengu Conjurer)                Turns: 958, Time: 00:02:36

Health: -6/15      AC:  2    Str:  7    XL:     2   Next: 83%
Magic:  15/15      EV: 12    Int: 18    God:
Gold:   39         SH:  0    Dex: 12    Spells: 2/5 levels left

rFire   . . .      SeeInvis .   g - +0 short sword
rCold   . . .      Faith    .   (no shield)
rNeg    . . .      Spirit   .   a - +0 robe
rPois   .          Reflect  .   (helmet restricted)
rElec   .          Harm     .   (no cloak)
rCorr   .          Rampage  .   (no gloves)
Will    .....                   (boots unavailable)
Stlth   ++........              (no amulet)
HPRegen 0.05/turn               f - ring of magical power
MPRegen 0.14/turn               (no ring)

@: no status effects
A: beak, talons 3
a: no special abilities


You were on level 4 of the Dungeon.
You visited 1 branch of the dungeon, and saw 3 of its levels.

You collected 39 gold pieces.

Inventory:

Hand Weapons
 e - a +0 spear
 g - a +0 short sword (weapon)
Missiles
 h - 11 stones
Armour
 a - a +0 robe (worn)
Jewellery
 f - a ring of magical power (left hand)
Scrolls
 c - a scroll of vulnerability {unknown}
 d - a scroll of fog {unknown}
 i - a scroll of identify {unknown}
Potions
 b - 2 potions of heal wounds {unknown}


   Skills:
 + Level 2.3 Dodging
 + Level 2.0 Stealth
 + Level 2.0 Spellcasting
 + Level 6.1 Conjurations


You had 2 spell levels left.
You knew the following spells:

 Your Spells              Type           Power      Damage    Failure   Level
a - Magic Dart            Conj           96%        1d7       1%          1
b - Searing Ray           Conj           48%        2d6       2%          2

Your spell library contained the following spells:

 Spells                   Type           Power      Damage    Failure   Level
 Dazzling Flash           Conj/Hex       26%        N/A       16%         3
 Fulminant Prism          Conj/Hex       6%         3d7       45%         4
 Iskenderun's Mystic Bla  Conj/Tloc      13%        2d5       45%         4


Dungeon Overview and Level Annotations

Branches:
Dungeon (2/15)

Altars:

Annotations:
D:4 Duvessa


Innate Abilities, Weirdness & Mutations

You have a beak for a mouth.
You have claws for feet.


Message History

You kill the endoplasm!
A ball python comes into view.
The ball python hisses angrily.
Casting: Magic Dart (safe; 1% risk of failure)
Confirm with . or Enter, or press ? or * to list all spells.
Aiming: Magic Dart (safe; 1% risk of failure)
Press: ? - help, Shift-Dir - straight line, f - ball python
Aim: a ball python (100% to hit)
The magic dart hits the ball python!
You kill the ball python!
A goblin comes into view. It is wielding a +0 dagger.
A sourceless malevolence fills the Dungeon...
You fall into a shaft and drop 2 floors!
The shaft crumbles and collapses.
Duvessa and a goblin come into view.
Found a club and a book of Necromancy.
An endoplasm comes into view.
Found a long sword.
Found 18 gold pieces.
Duvessa barely misses you.
As you open the large door, it creaks loudly!
You hear a shout!
Duvessa closely misses you.
A hobgoblin comes into view.
Duvessa closely misses you.
There is a large open door here.
You hit the hobgoblin but do no damage. Your peck misses the hobgoblin.
Duvessa hits you with a +0 rapier!
Ouch! That really hurt!
* * * LOW HITPOINT WARNING * * *
The hobgoblin closely misses you.
You hit the hobgoblin. Your peck misses the hobgoblin.
The hobgoblin is almost dead.
Duvessa completely misses you. The hobgoblin hits you.
* * * LOW HITPOINT WARNING * * *
You closely miss the hobgoblin. You peck the hobgoblin.
You kill the hobgoblin!
Duvessa barely misses you. The goblin hits you but does no damage.
Duvessa hits you with a +0 rapier!
You die...

###♣♣# #.g..#.#
#.e@..# #.#♣♣#.#
#.# #.# ##.#
##++# #..###...#
.... ###..##...#
.....
##.........##....
#...........#....
.


You could see Duvessa and a goblin.

Vanquished Creatures
  A dart slug (D:2)
  An endoplasm (D:2)
  2 giant cockroaches
  A goblin (D:1)
  4 hobgoblins
  A quokka (D:1)
  3 ball pythons
  A bat (D:2)
  A frilled lizard (D:1)
  A kobold (D:2)
  3 rats
19 creatures vanquished.

Notes
Turn   | Place    | Note
-------+----------+-------------------------------------------
     0 | D:1      | themarg the Tengu Conjurer began the quest for the Orb.
     0 | D:1      | Reached XP level 1. HP: 10/10 MP: 4/4
   429 | D:1      | Reached XP level 2. HP: 15/15 MP: 6/6
   432 | D:1      | Learned a level 2 spell: Searing Ray
   763 | D:2      | Reached skill level 6 in Conjurations
   927 | D:2      | You fall into a shaft and drop 2 floors!
   927 | D:4      | Noticed Duvessa
   958 | D:4      | Mangled by Duvessa

Illustrated notes

Levels and vault maps discovered:
D:1:      giann_horns, layout_basic
D:2:      layout_rooms, ebering_ecumenical_altar_petrified
D:4:      layout_cave_pools, kennysheep_slug_shrine,
          mainiacjoe_overflow_tiny_flanked, nicolae_sif_muna_condensation,
          kennysheep_generic_room_3, uniq_grinder, uniq_robin, uniq_menkaure,
          uniq_duvessa

Skill      XL: |  1  2 |
---------------+-------+-----
Conjurations   | 6 |  6.1
Dodging        | |  2.3
Stealth        | |  2.0
Spellcasting   | |  2.0

Action                   || total
-------------------------++-------
Melee: Short sword       ||     4
       Spear             ||     3
       Kick              ||     2
       Peck              ||     2
 Cast: Magic Dart        ||    26
 Stab: Sleeping          ||     1
Armor: Robe              ||     1
Dodge: Dodged            ||    10
